 Dungeon Crawl Stone Soup version 0.28.0-53-g5a82cb258f (webtiles) character file.

Game seed: 9260697358542861089

382 enile the Skirmisher (level 7, 0/54 (56) HPs)
             Began as a Formicid Wanderer on June 2, 2022.
             Was a Priest of Lugonu.
             Slain by Blork the orc
             ... wielding a +3 glaive
              (7 damage)
             ... on level 4 of the Dungeon.
             The game lasted 00:03:34 (3566 turns).

enile the Skirmisher (Formicid Wanderer)            Turns: 3566, Time: 00:03:34

HP:   0/54 (56)     AC: 11    Str: 16    XL:     7   Next: 5%
MP:   9/9           EV:  5    Int:  8    God:    Lugonu [***...]
Gold: 149           SH:  0    Dex: 16    Spells: 6/6 levels left

rFire   . . .      SeeInvis +   h - +1 spear (flame)
rCold   . . .      Faith    +   (no shield)
rNeg    . . .      Spirit   .   m - +0 plate armour
rPois   .          Reflect  .   (helmet unavailable)
rElec   .          Harm     .   (no cloak)
rCorr   .          Rampage  .   (no gloves)
Will    .....                   (no boots)
Stlth   ..........              d - amulet of faith
HPRegen 0.18/turn               (no ring)
MPRegen 0.11/turn               (no ring)

@: lightly drained
A: permanent stasis, dig shafts and tunnels, antennae 3, four strong arms
a: Dig, Shaft Self, Renounce Religion, Depart the Abyss, Bend Space, Banish


You were on level 4 of the Dungeon.
You worshipped Lugonu.
Lugonu was most pleased with you.
You visited 1 branch of the dungeon, and saw 4 of its levels.

You collected 149 gold pieces.

Inventory:

Hand Weapons
 a - a +1 short sword
 h - a +1 spear of flaming (weapon)
 k - a +0 dagger of flaming
 l - a +3 whip
Armour
 c - a +0 leather armour
 m - a +0 plate armour (worn)
Jewellery
 d - an amulet of faith (around neck)
 g - a ring of fire
Wands
 b - a wand of paralysis (11) (quivered)
Scrolls
 f - a scroll of vulnerability {unknown}
 n - a scroll of noise
Potions
 e - a potion of cancellation
 i - 2 potions of curing {unknown}
 j - a potion of attraction {unknown}


   Skills:
 - Level 5.0 Fighting
 - Level 2.0 Short Blades
 - Level 4.0 Armour
 - Level 2.0 Dodging
 - Level 1.2 Stealth
 + Level 3.9 Invocations
 - Level 4.3 Evocations


You had 6 spell levels left.
You didn't know any spells.
Your spell library was empty.

Dungeon Overview and Level Annotations

Branches:
Dungeon (4/15)
 Temple: D:4-7

Altars:
Qazlal
Ru
Vehumet
Lugonu

Annotations:
D:4 Blork the orc


Innate Abilities, Weirdness & Mutations

You cannot be hasted, slowed, berserked, paralysed or teleported.
You can dig through walls and to a lower floor.
You have a pair of large antennae on your head. (SInv)
Your four strong arms can wield two-handed weapons with a shield.


Message History

The hobgoblin is severely wounded.
Blork the orc hits you but does no damage.
The hobgoblin closely misses you. The kobold hits you but does no damage.
You barely miss the hobgoblin.
The hobgoblin is severely wounded.
Blork the orc hits you from afar with a +3 glaive!
The hobgoblin hits you but does no damage.
The kobold hits you with a +0 whip.
You barely miss the hobgoblin.
The hobgoblin is severely wounded.
Blork the orc gestures wildly while chanting.
Blork the orc seems to speed up.
The hobgoblin hits you but does no damage.
The kobold hits you but does no damage.
You barely miss the hobgoblin.
The hobgoblin is severely wounded.
Blork the orc hits you from afar with a +3 glaive.
The hobgoblin hits you but does no damage.
The kobold hits you but does no damage.
Blork the orc hits you from afar with a +3 glaive.
You are too injured to fight recklessly!
You are too injured to fight recklessly!
You are too injured to fight recklessly!
You are too injured to fight recklessly!
You are too injured to fight recklessly!
You are too injured to fight recklessly!
You are too injured to fight recklessly!
You are too injured to fight recklessly!
You are too injured to fight recklessly!
You are too injured to fight recklessly!
Are you sure you want to shaft yourself?
Blork the orc hits you from afar with a +3 glaive.
The hobgoblin hits you. The kobold hits you with a +0 whip.
You begin to dig a shaft.
You continue digging a shaft.
Blork the orc hits you from afar with a +3 glaive!
* * * LOW HITPOINT WARNING * * *
The hobgoblin hits you but does no damage.
The kobold hits you but does no damage.
Blork the orc hits you from afar with a +3 glaive!
You die...

+....
#....................
#..#
##..###....###.##.###
##<.####..###....###.#
#......................
#......................
#..........##.....##....
#...##.....##$....#######
##..##.....##........
#...#########@.......
#......... #.gK...####
#...##.... +.o....#
####..# ... ##..!..#
##.(...# .. #.....#
##..##.# # #.....#
.....#.# .>....# ......##
{ ....... ..>...#


You could see Blork the orc (fast), a hobgoblin and a kobold.

Vanquished Creatures
  2 necrophages
  A phantom (D:4)
  An iguana (D:3)
  3 adders (D:2)
  A gnoll (D:4)
  A white imp (D:4)
  3 dart slugs
  10 endoplasms
  4 giant cockroaches (D:1)
  7 goblins
  3 hobgoblins
  3 kobolds
  3 quokkas
  6 ball pythons
  7 bats
  4 frilled lizards
  2 rats
61 creatures vanquished.

Notes
Turn   | Place    | Note
-------+----------+-------------------------------------------
     0 | D:1      | enile the Formicid Wanderer began the quest for the Orb.
     0 | D:1      | enile set off with the following items: a +1 short sword, a
                  | wand of paralysis (13), a +0 leather armour
     0 | D:1      | Reached XP level 1. HP: 18/18 MP: 1/1
   162 | D:1      | Reached skill level 1 in Dodging
   195 | D:1      | Reached XP level 2. HP: 24/24 MP: 2/2
   721 | D:1      | Reached XP level 3. HP: 29/29 MP: 3/3
   813 | D:2      | Reached skill level 1 in Armour
  1424 | D:2      | Reached XP level 4. HP: 28/35 MP: 4/4
  1509 | D:2      | Found a faded altar of an unknown god.
  1516 | D:2      | Prayed at the altar of an unknown god.
  1516 | D:2      | Became a worshipper of Lugonu the Unformed
  1516 | D:2      | Reached * piety under Lugonu
  1516 | D:2      | Reached ** piety under Lugonu
  1952 | D:2      | Reached skill level 4 in Fighting
  2205 | D:3      | Found a radiant altar of Vehumet.
  2208 | D:3      | Found a stormy altar of Qazlal.
  2211 | D:3      | Found a sacrificial altar of Ru.
  2376 | D:3      | Reached XP level 5. HP: 8/43 MP: 5/5
  3033 | D:4      | Noticed a necrophage
  3051 | D:3      | Killed a necrophage
  3052 | D:3      | Reached skill level 5 in Fighting
  3052 | D:3      | Reached XP level 6. HP: 47/51 MP: 6/6
  3454 | D:4      | Noticed a necrophage
  3469 | D:4      | Killed a necrophage
  3470 | D:4      | Reached XP level 7. HP: 43/56 MP: 7/9
  3471 | D:4      | Reached *** piety under Lugonu
  3554 | D:4      | Noticed Blork the orc
  3566 | D:4      | Slain by Blork the orc

Illustrated notes

Levels and vault maps discovered:
D:1:      psy_arrival_statuary, layout_basic
D:2:      layout_loops_cross, basic_ecumenical_altar
D:3:      layout_basic, grunt_temple_overflow_diamond
D:4:      layout_gridville, st_stairs_5, minmay_strange_pillars,
          uniq_blork_the_orc

Skill      XL: |  1  2  3  4  5  6 |
---------------+-------------------+-----
Dodging        | 1 2 |  2.0
Armour         | 2 3 4 |  4.0
Fighting       | 4 5 |  5.0
Invocations    | 3 |  3.9
Short Blades   | |  2.0
Stealth        | |  1.2
Evocations     | |  4.3

Action                   |  1- 3 |  4- 6 |  7- 9 || total
-------------------------+-------+-------+-------++-------
Melee: Short sword       |    81 |       |       ||    81
       Spear             |    19 |   143 |    18 ||   180
       Punch             |       |     2 |       ||     2
 Abil: Shaft Self        |       |       |     1 ||     1
Evoke: Wand              |       |     2 |       ||     2
  Use: Scroll            |     2 |     3 |       ||     5
 Stab: Sleeping          |     6 |     2 |       ||     8
       Paralysed         |       |     2 |       ||     2
Armor: Leather armour    |    27 |     7 |       ||    34
       Plate armour      |       |    56 |    26 ||    82
Dodge: Dodged            |    57 |    39 |     3 ||    99
